 Dungeon Crawl Stone Soup version 0.21.1-1-g345015fe64 (webtiles) character file.

116 Faustar the Magician (level 4, -2/24 HPs)
             Began as a Deep Elf Wizard on June 11, 2018.
             Killed by nerve-wracking pain
             ... invoked by Jessica
              (13 damage)
             ... on level 3 of the Dungeon.
             The game lasted 00:08:04 (2905 turns).

Faustar the Magician (Deep Elf Wizard)              Turns: 2905, Time: 00:08:14

Health: -2/24      AC:  4    Str:  4    XL:     4   Next: 70%
Magic:  9/13       EV: 13    Int: 24    God:
Gold:   143        SH:  0    Dex: 13    Spells: 9/13 levels left

rFire    . . .     SeeInvis .   s - +7 club
rCold    . . .     Gourm    .   (no shield)
rNeg     . . .     Faith    .   u - +1 animal skin
rPois    .         Spirit   .   v - +0 helmet
rElec    .         Reflect  .   (no cloak)
rCorr    .         Harm     .   (no gloves)
MR       .....                  (no boots)
Stlth    ++........             (no amulet)
HPRegen  0.08/turn              k - ring of flight
MPRegen  0.13/turn              (no ring)

@: no status effects
A: no striking features
a: Evoke Flight


You were on level 3 of the Dungeon.
You were not hungry.

You visited 1 branch of the dungeon, and saw 3 of its levels.

You collected 143 gold pieces.

Inventory:

Hand Weapons
 n - a +2 short sword of electrocution
 s - a +7 club (weapon)
Armour
 a - a +0 robe
 b - a +0 hat
 i - a +0 buckler
 u - a +1 animal skin (worn)
 v - a +0 helmet (worn)
Magical Staves
 r - an uncursed staff of summoning
Jewellery
 k - a ring of flight (left hand)
Scrolls
 e - 2 scrolls of amnesia {unknown}
 g - 2 scrolls of immolation {unknown}
 l - 3 scrolls of remove curse {unknown}
 m - a scroll of teleportation {unknown}
 q - a scroll of magic mapping {unknown}
Potions
 f - a potion of invisibility
 h - 2 potions of curing
 j - a potion of ambrosia {unknown}
 o - a potion of lignification {unknown}
 p - a potion of degeneration {unknown}
Books
 c - a book of Minor Magic

   Spells                             Type                      Level
   a - Magic Dart                     Conjuration                  1
   b - Blink                          Translocation                2
   c - Call Imp                       Summoning                    2
   d - Slow                           Hexes                        2
   e - Conjure Flame                  Conjuration/Fire             3
   f - Mephitic Cloud                 Conjuration/Poison/Air       3
Comestibles
 d - 6 rations


   Skills:
 - Level 2.7 Dodging
 - Level 2.4 Stealth
 - Level 5.0 Spellcasting
 + Level 3.5 Conjurations
   Level 1.1 Summonings
   Level 1.1 Translocations
 * Level 1.6 Air Magic
 + Level 1.1 Poison Magic


You had 9 spell levels left.
You knew the following spells:

 Your Spells              Type           Power        Failure   Level  Hunger
a - Magic Dart            Conj           ###.         1%          1    None
b - Mephitic Cloud        Conj/Pois/Air  ###.....     11%         3    ##.....


Dungeon Overview and Level Annotations

Branches:
Dungeon (3/15)

Altars:
Cheibriados
Hepliaklqana
Okawaru
Yredelemnul

Annotations:
D:3 Jessica


Message History

Casting: Magic Dart
Confirm with . or Enter, or press ? or * to list all spells.
Aiming: Magic Dart
Press: ? - help, Shift-Dir - straight line, f/p - Jessica
Aim: Jessica, wielding a club and wearing a runed robe (fast)
The magic dart hits Jessica.
Jessica is heavily wounded.
Jessica hits you with a club.
Casting: Magic Dart
Confirm with . or Enter, or press ? or * to list all spells.
Aiming: Magic Dart
Press: ? - help, Shift-Dir - straight line, f/p - Jessica
Aim: Jessica, wielding a club and wearing a runed robe (heavily wounded, fast)
The magic dart hits Jessica.
Jessica is severely wounded.
Jessica barely misses you. The leopard gecko closely misses you.
Jessica casts a spell at you. Pain shoots through your body!
Ouch! That really hurt!
You die...

#.# #....# #..
#.
#.############..
#.#####.#
..........
#.......#
########..
####.#### #..
#.# #..
#.#####.# #..
#.......#####.#
#..
######.l@@....#
#.# #.########
#.# #.# #.# #.#
#.# #.# ##.# #.#
#... #.# #.##
#.## #.##


You could see Jessica and a leopard gecko.

Vanquished Creatures
  Robin (D:2)
  3 adders
  2 oozes
  A worm (D:2)
  3 dart slugs
  A leopard gecko (D:1)
  4 orcs
  3 bats
  2 giant cockroaches
  11 hobgoblins
  2 quokkas
  A ball python (D:2)
  2 frilled lizards (D:2)
  6 goblins
  7 kobolds
  7 rats (D:1)
56 creatures vanquished.

Notes
Turn   | Place    | Note
-------+----------+-------------------------------------------
     0 | D:1      | Faustar the Deep Elf Wizard began the quest for the Orb.
     0 | D:1      | Reached XP level 1. HP: 10/10 MP: 7/7
   220 | D:1      | Reached XP level 2. HP: 15/15 MP: 0/9
   337 | D:1      | Reached skill level 5 in Spellcasting
  1225 | D:2      | Reached XP level 3. HP: 19/19 MP: 8/11
  1864 | D:2      | Found an iron altar of Okawaru.
  1974 | D:2      | Learned a level 3 spell: Mephitic Cloud
  2066 | D:2      | Found a hazy altar of Hepliaklqana.
  2098 | D:2      | Reached XP level 4. HP: 24/24 MP: 8/13
  2180 | D:2      | Found a basalt altar of Yredelemnul.
  2616 | D:3      | Reached skill level 1 in Air Magic
  2622 | D:3      | Noticed Robin
  2634 | D:2      | Killed Robin
  2765 | D:3      | Reached skill level 1 in Poison Magic
  2827 | D:3      | Found a snail-covered altar of Cheibriados.
  2898 | D:3      | Noticed Jessica
  2905 | D:3      | Killed from afar by Jessica

Skill      XL: |  1  2  3  4 |
---------------+-------------+-----
Spellcasting   | 5 |  5.0
Conjurations   | 2 3 |  3.5
Air Magic      | 1 |  1.6
Poison Magic   | 1 |  1.1
Dodging        | |  2.7
Stealth        | |  2.4
Summonings     | |  1.1
Translocations | |  1.1

Action                   |  1- 3 |  4- 6 || total
-------------------------+-------+-------++-------
Melee: Unarmed           |     3 |       ||     3
       Short sword       |    10 |     9 ||    19
       Club              |       |     3 ||     3
 Cast: Magic Dart        |    87 |    43 ||   130
       Mephitic Cloud    |       |     1 ||     1
  Use: Scroll            |       |     3 ||     3
 Stab: Sleeping          |       |     1 ||     1
  Eat: Chunk             |     3 |     3 ||     6
Armor: Robe              |     5 |     1 ||     6
Dodge: Dodged            |    25 |    11 ||    36
